 Dungeon Crawl Stone Soup version 0.20.1-1-g8b1a95d (webtiles) character file.

946 Monsterracer the Cudgeler (level 7, -2/57 HPs)
             Began as a Black Draconian Artificer on July 5, 2017.
             Was a Believer of Fedhas.
             Slain by VajrapaniSR's ghost (19 damage)
             ... on level 5 of the Dungeon.
             The game lasted 00:19:55 (3581 turns).

Monsterracer the Cudgeler (DrAr)                    Turns: 3581, Time: 00:19:55

Health: -2/57      AC: 16    Str: 20      XL:     7   Next: 89%
Magic:  9/9        EV: 13    Int: 12      God:    Fedhas [**....]
Gold:   249        SH:  0    Dex: 12 (13) Spells: 6/6 levels left

rFire    . . .     SeeInvis .   e - +2 morningstar (protect)
rCold    . . .     Gourm    .   (no shield)
rNeg     . . .     Faith    .   (armour unavailable)
rPois    .         Spirit   .   (helmet restricted)
rElec    +         Reflect  .   s - +2 cloak
rCorr    .         Harm     .   (no gloves)
MR       .....                  (no boots)
Stlth    +.........             (no amulet)
Regen    0.6/turn               p - +4 ring of strength
MPRegen  0.2/turn               x - ring of wizardry

@: protection aura
A: breathe lightning, unfitting armour, regeneration 1, electricity resistance,
strong 1, cold-blooded, subdued magic 1, AC +6
a: Breathe Lightning, Fungal Bloom, Evolution, Sunlight, Renounce Religion


You were on level 5 of the Dungeon.
You worshipped Fedhas.
Fedhas was pleased with you.
You were not hungry.

You visited 1 branch of the dungeon, and saw 5 of its levels.

You collected 249 gold pieces.

Inventory:

Hand Weapons
 e - a +2 morningstar of protection (weapon)
Missiles
 t - a throwing net (quivered)
Armour
 s - a +2 cloak (worn)
Jewellery
 p - a +4 ring of strength (left hand)
 x - a ring of wizardry (right hand)
Wands
 b - a wand of flame (10/48)
 c - a wand of enslavement (14/24)
 d - a wand of random effects (9/48)
 l - a wand of clouds (2/9)
 o - a wand of iceblast (9/15)
 q - a wand of digging (10/24)
Scrolls
 g - 6 scrolls of identify
 i - 3 scrolls of immolation
 n - 2 scrolls of teleportation
 r - 3 scrolls of remove curse
Potions
 a - a potion of magic
 v - a potion of curing
Comestibles
 f - 4 bread rations
 h - 4 meat rations
 j - 5 chunks of flesh
 k - 3 fruits
 m - a royal jelly


   Skills:
 + Level 3.3 Fighting
   Level 1.0 Short Blades
 * Level 7.8 Maces & Flails
 + Level 3.4 Dodging
 - Level 0.8 Stealth
 - Level 3.0 Evocations


You had 6 spell levels left.
You didn't know any spells.

Dungeon Overview and Level Annotations

Branches:
Dungeon (5/15)             Temple (0/1) D:4

Altars:
Cheibriados
Fedhas
Gozag

Shops:
D:4 %

Annotations:
D:5 VajrapaniSR's ghost, novice TrFi


Innate Abilities, Weirdness & Mutations

You can breathe wild blasts of lightning.
Your glossy black scales are hard. (AC +6)
You cannot fit into any form of body armour.
You are resistant to electric shocks. (rElec)
You are cold-blooded and may be slowed by cold attacks.
Your natural rate of healing is unusually fast.
Your muscles are strong. (Str +2)
Your spells are a little easier to cast, but a little less powerful.


Message History

VajrapaniSR's ghost hits you but does no damage.
You hit VajrapaniSR's ghost but do no damage.
Your tail-slap misses VajrapaniSR's ghost.
VajrapaniSR's ghost is severely damaged.
VajrapaniSR's ghost hits you! VajrapaniSR's ghost hits you!!
* * * LOW HITPOINT WARNING * * *
Huge Dmg: -52%(-30hp) hp: 48%(27hp)
Press: ? - help, v - describe, . - travel
Here: VajrapaniSR's ghost (severely damaged)
The floor.
You puncture VajrapaniSR's ghost! You tail-slap VajrapaniSR's ghost.
VajrapaniSR's ghost is almost destroyed.
VajrapaniSR's ghost hits you!
* * * LOW HITPOINT WARNING * * *
Huge Dmg: -19%(-11hp) hp: 29%(16hp)
You hit VajrapaniSR's ghost but do no damage.
VajrapaniSR's ghost is almost destroyed.
VajrapaniSR's ghost hits you!!
You die...
Fedhas appreciates your contribution to the ecosystem.

.......####### #########
.......#.....#### #........
.......#.#......#########........
.......#.##............##........
..######..##.....................
..#.......)##..........>.........
..#.>...⌠.))'....................
..#........##....#####...........
..######..##.#..@W....#..........
.....#.#.#####........#..#####.##
.......###..##........#).......##
...............#...#..#)###.....#
.............#.........)..W.....#
.................#####...##......
.............#...# ##..........
.............#..## #.##....<.#
...............## #.. ..)...#


You could see VajrapaniSR's ghost.

Vanquished Creatures
  Sigmund (D:2)
  2 ogres (D:5)
  A scorpion (D:4)
  2 howler monkeys (D:4)
  A crimson imp (D:4)
  An orc priest (D:4)
  Terence (D:3)
  A worker ant (D:5)
  9 gnolls
  A howler monkey skeleton (D:4)
  7 adders
  3 oozes
  A worm (D:2)
  A dart slug (D:1)
  3 leopard geckos
  9 orcs
  2 ball pythons
  9 bats
  3 giant cockroaches
  8 goblins
  8 hobgoblins
  10 jackals
  2 quokkas
  4 frilled lizards
  7 kobolds
  A quokka skeleton (D:4)
  6 rats
104 creatures vanquished.

Vanquished Creatures (collateral kills)
  An ogre (D:4)
  A hound (D:5)
  Jessica (D:3)
  An orc wizard (D:3)
  2 gnolls (D:3)
  3 adders
  5 orcs
  A goblin (D:3)
15 creatures vanquished.

Vanquished Creatures (others)
  2 wandering mushrooms (D:5)
  19 toadstools
21 creatures vanquished.

Grand Total: 140 creatures vanquished

Notes
Turn   | Place    | Note
-------+----------+-------------------------------------------
     0 | D:1      | Monsterracer the Draconian Artificer began the quest for the Orb.
     0 | D:1      | Reached XP level 1. HP: 16/16 MP: 3/3
    21 | D:1      | Gained mutation: Your spells are a little easier to cast, but a little less powerful. [potion of mutation]
    21 | D:1      | Gained mutation: Your muscles are strong. (Str +2) [potion of mutation]
    21 | D:1      | Gained mutation: Your natural rate of healing is unusually fast. [potion of mutation]
    99 | D:1      | Reached skill level 1 in Maces & Flails
   179 | D:1      | Reached XP level 2. HP: 17/23 MP: 4/4
   327 | D:1      | Reached skill level 2 in Maces & Flails
   782 | D:2      | Reached XP level 3. HP: 28/28 MP: 5/5
   848 | D:2      | Noticed Sigmund
   880 | D:2      | Reached skill level 3 in Maces & Flails
   943 | D:2      | HP: 1/28 [something (10)]
   959 | D:2      | HP: 1/28 [something (5)]
   960 | D:2      | Killed Sigmund
   960 | D:2      | Reached skill level 5 in Maces & Flails
   960 | D:2      | Reached XP level 4. HP: 1/35 MP: 6/6
   960 | D:2      | Reached XP level 5. HP: 1/40 MP: 7/7
  1082 | D:2      | Found a faded altar of an unknown god.
  1135 | D:2      | Became a worshipper of Fedhas Madash
  1135 | D:2      | Reached * piety under Fedhas
  1340 | D:3      | Noticed Jessica
  1348 | D:3      | Killed Jessica
  1396 | D:3      | Reached XP level 6. HP: 42/47 MP: 8/8
  1410 | D:3      | Found an opulent altar of Gozag.
  1421 | D:3      | Reached skill level 6 in Maces & Flails
  1456 | D:3      | Found a blossoming altar of Fedhas.
  1655 | D:3      | Found a snail-covered altar of Cheibriados.
  1674 | D:3      | Noticed Terence
  1684 | D:3      | Killed Terence
  1863 | D:3      | Reached ** piety under Fedhas
  2074 | D:4      | Found a staircase to the Ecumenical Temple.
  2348 | D:4      | Found Kyedyopi's Food Shop.
  2506 | D:4      | Your scales start taking on a glossy black colour.
  2506 | D:4      | Reached XP level 7. HP: 55/55 MP: 9/9
  2506 | D:4      | Gained mutation: You are resistant to electric shocks. (rElec) [Black Draconian growth]
  2609 | D:4      | Reached skill level 7 in Maces & Flails
  3242 | D:5      | Entered Level 5 of the Dungeon
  3560 | D:5      | Noticed VajrapaniSR's ghost (novice TrFi)
  3581 | D:5      | Slain by VajrapaniSR's ghost

Skill      XL: |  1  2  3  4  5  6  7 |
---------------+----------------------+-----
Maces & Flails | 1 2 5 6 7 |  7.8
Dodging        | 2 3 |  3.4
Fighting       | 2 3 |  3.3
Short Blades   | |  1.0
Stealth        | |  0.8
Evocations     | |  3.0

Action                   |  1- 3 |  4- 6 |  7- 9 || total
-------------------------+-------+-------+-------++-------
Melee: Short sword       |    24 |       |       ||    24
       Club              |   116 |    86 |       ||   202
       Tailslap          |    18 |    21 |     8 ||    47
       Morningstar       |       |   103 |    65 ||   168
       Mace              |       |    13 |       ||    13
Invok: Fungal Bloom      |       |     6 |     7 ||    13
       Evolution         |       |     1 |     1 ||     2
Evoke: Wand              |    10 |     1 |     2 ||    13
  Use: Potion            |     5 |     3 |     2 ||    10
       Scroll            |       |    10 |     1 ||    11
 Stab: Invisible         |     3 |       |       ||     3
       Sleeping          |     2 |       |       ||     2
  Eat: Chunk             |       |     6 |     3 ||     9
Armor: Skin              |    61 |   150 |    29 ||   240
Dodge: Dodged            |   126 |   201 |    49 ||   376
